 Dungeon Crawl Stone Soup version 0.19.5 (webtiles) character file.

5226 Jerry the Carver (level 10, 0/80 HPs)
             Began as a Formicid Abyssal Knight on Mar 16, 2017.
             Was a High Priest of Lugonu.
             Killed by a spatial distortion (1 damage)
             ... on level 7 of the Dungeon.
             The game lasted 00:46:12 (13894 turns).

Jerry the Carver (Formicid Abyssal Knight)         Turns: 13894, Time: 00:46:12

Health: 0/80       AC: 11    Str: 18    XL:     10   Next: 92%
Magic:  16/16      EV: 11    Int: 13    God:    Lugonu [*****.]
Gold:   419        SH:  0    Dex: 11    Spells: 0 memorised, 9 levels left

rFire  . . .     SeeInvis +     a - +2 falchion
rCold  + . .     Gourm    .     D - +5 robe of Night {Dark MR+ SInv}
rNeg   . . .     Faith    .     (no shield)
rPois  .         Spirit   .     (helmet unavailable)
rElec  .         Reflect  .     o - +1 cloak
rCorr  +         Harm     .     (no gloves)
MR     ++...                    g - +0 pair of boots
Stlth  +.........               (no amulet)
                                B - ring of resist corrosion
                                q - ring of protection from cold

@: no status effects
A: permanent stasis, dig shafts and tunnels, four strong arms, antennae 3,
clever 1, weak 1, subdued magic 1
a: Dig, Shaft Self, Depart the Abyss, Bend Space, Banish, Corrupt, Enter the
Abyss, Renounce Religion


You were on level 7 of the Dungeon.
You worshipped Lugonu.
Lugonu was extremely pleased with you.
You were hungry.

You visited 1 branch of the dungeon, and saw 9 of its levels.
You visited the Abyss 1 time.
You also visited: Sewer and Ossuary.

You collected 419 gold pieces.

Inventory:

Hand Weapons
 a - a +2 falchion (weapon)
 j - a +2 dagger of venom
 n - a +1 dagger of draining
 s - a +0 scimitar
 w - a +0 blowgun
 J - a +1 great sword
Missiles
 x - 39 poisoned needles
Armour
 g - a +0 pair of boots (worn)
 m - a +0 scale mail
 o - a +1 cloak (worn)
 D - the +5 robe of Night (worn) {Dark MR+ SInv}
   (You found it on level 5 of the Dungeon)

   It affects your resistance to hostile enchantments.
   It lets you see invisible.
Jewellery
 h - an uncursed ring of fire
 q - a ring of protection from cold (left hand)
 y - an uncursed ring of protection from cold
 B - a ring of resist corrosion (right hand)
Wands
 G - a wand of disintegration (24/24)
 M - a wand of teleportation (1/9)
 N - a wand of iceblast (8/15)
Scrolls
 d - 2 scrolls of remove curse
 k - a scroll of magic mapping
 r - a scroll of blinking {unknown}
 u - 2 scrolls of identify
 E - a scroll of fear
 I - a scroll of amnesia
Potions
 b - 4 potions of brilliance
 e - a potion of resistance
 l - 6 potions of curing {unknown}
 p - a potion of ambrosia {unknown}
 t - a potion of cure mutation {unknown}
 v - 5 potions of flight {unknown}
 z - 7 potions of heal wounds
 A - a potion of might {unknown}
 F - 2 potions of lignification
Books
 K - a book of Battle

   Spells                             Type                      Level
   a - Infusion                       Charms                       1
   b - Shroud of Golubria             Charms/Translocation         2
   c - Song of Slaying                Charms                       2
   d - Spectral Weapon                Hexes/Charms                 3
   e - Regeneration                   Charms/Necromancy            3
Comestibles
 c - 10 bread rations
 f - 7 fruits
 i - 4 meat rations
 H - a royal jelly


   Skills:
 + Level 8.2 Fighting
 * Level 10.1 Long Blades
 + Level 8.0 Armour
 - Level 0.8 Dodging
 - Level 8.2 Invocations


You had 9 spell levels left.
You didn't know any spells.

Dungeon Overview and Level Annotations

Branches:
Dungeon (9/15)             Temple (0/1) D:7
   Lair: D:8-11         Orc: D:9-12

Altars:
Dithmenos
Elyvilon
Fedhas
Hepliaklqana
Sif Muna
Uskayaw

Shops:
D:5 %   D:7 (


Innate Abilities, Weirdness & Mutations

You are under a permanent stasis effect.
You can dig through walls and to a lower floor.
Your four strong arms can wield two-handed weapons with a shield.
You have a pair of large antennae on your head. (SInv)
Your mind is acute. (Int +2)
You are weak. (Str -2)
Your spells are a little easier to cast, but a little less powerful.


Message History

The yak is lightly wounded.
You hit the yak.
The yak is moderately wounded.
The yak barely misses you. The yak gores you. x2
You hit the yak.
The yak is moderately wounded.
The yak gores you!
* * * LOW HITPOINT WARNING * * *
You barely miss the yak.
The yak is moderately wounded.
The yak gores you but does no damage. The yak barely misses you.
The yak gores you!
* * * LOW HITPOINT WARNING * * *
You hit the yak.
The yak is heavily wounded.
The yak barely misses you. The yak gores you.
* * * LOW HITPOINT WARNING * * *
You can't shaft yourself on this terrain.
Space bends around you!
You blink.
You die...

..#####.# ######## ###
#.# #......# ### #[###
### #.####.# ..#
#.#.####.## #.#
#.####### ..#
#..#.##...## #.#
#....>O.#
..#####.###......###Y#
#######.#
.........#.)......##ยง#
#.#
..........<.......)YY#
#.#
.....##.#.#.....@.####
##O#
..#####.#.##.)...##
##... ..# #.#.###.).##
#.... ..# #.#.# ##.##
##.... .## #.#.# #.#
##....# .# #.#.# #.#
##.....# <# #.#.# #.#
##....... ## #.#.# #.#
##........
#######.#.####.##
#.........


You could see 2 yaks.

Vanquished Creatures
  The ghost of Goodini51 the Shooter, a novice HEAM (D:4)
  A spriggan (D:8)
  Sigmund (D:2)
  3 yaks
  2 black bears
  2 orc warriors
  2 phantoms
  An ice beast (D:7)
  7 ogres
  3 centaurs
  A crocodile (D:8)
  4 big kobolds
  5 bullfrogs
  A wyvern skeleton (D:7)
  11 scorpions
  5 wights
  A howler monkey (D:4)
  2 centaur zombies (Ossuary)
  2 crimson imps
  4 jellies
  2 quasits
  A bullfrog skeleton (D:5)
  2 hounds
  An orc wizard (D:6)
  Crazy Yiuf (D:2)
  2 orc priests
  Natasha (thrice) (D:3)
  A human zombie (Ossuary)
  3 iguanas
  6 worker ants
  A killer bee zombie (D:5)
  2 big kobold zombies (Ossuary)
  A hound skeleton (D:4)
  3 mummies (Ossuary)
  A howler monkey zombie (D:6)
  2 scorpion zombies (Ossuary)
  8 gnolls
  17 adders
  A shadow imp (D:6)
  An ooze (D:4)
  2 adder zombies
  3 worms
  An adder skeleton (D:4)
  6 leopard geckos
  18 orcs
  6 ball pythons
  5 giant cockroaches
  7 goblins
  6 hobgoblins
  12 jackals
  2 quokkas
  5 bats
  4 frilled lizards
  A giant cockroach zombie (D:5)
  A gnoll zombie (Ossuary)
  2 goblin zombies (Ossuary)
  2 hobgoblin zombies (Ossuary)
  3 jackal skeletons
  A jackal zombie (D:6)
  23 kobolds
  3 kobold zombies (Ossuary)
  A leopard gecko skeleton (D:4)
  A leopard gecko zombie (D:6)
  2 orc zombies (Ossuary)
  A quokka skeleton (D:4)
  A quokka zombie (D:6)
  7 rats
244 creatures vanquished.

Vanquished Creatures (others)
  A quokka (D:5)
1 creature vanquished.

Grand Total: 245 creatures vanquished

Notes
Turn   | Place    | Note
-------+----------+-------------------------------------------
     0 | Abyss:1  | Jerry the Formicid Abyssal Knight began the quest for the Orb.
     0 | Abyss:1  | Reached XP level 1. HP: 18/18 MP: 2/2
    10 | Abyss:1  | Found a stormy altar of Qazlal.
   136 | Abyss:1  | Noticed a green draconian
   152 | D:1      | Escaped the Abyss
   599 | D:1      | Reached XP level 2. HP: 24/24 MP: 3/3
  1002 | D:2      | Noticed Sigmund
  1103 | D:2      | Reached * piety under Lugonu
  1108 | D:2      | Found a deep blue altar of Sif Muna.
  1185 | D:2      | Found a runed door.
  1231 | D:2      | Reached XP level 3. HP: 29/29 MP: 5/5
  1539 | D:2      | Found a blossoming altar of Fedhas.
  1644 | D:2      | Killed Sigmund
  1644 | D:2      | Reached skill level 3 in Long Blades
  1644 | D:2      | Reached XP level 4. HP: 17/37 MP: 6/6
  1644 | D:2      | Reached XP level 5. HP: 20/42 MP: 7/7
  1889 | D:2      | Reached skill level 4 in Long Blades
  1889 | D:2      | Reached XP level 6. HP: 44/48 MP: 8/8
  2203 | D:2      | Noticed Crazy Yiuf
  2218 | D:2      | Killed Crazy Yiuf
  2512 | D:3      | Noticed Natasha
  2533 | D:3      | Killed Natasha
  2852 | D:3      | Found a hazy altar of Hepliaklqana.
  2852 | D:3      | Found a hide-covered altar of Uskayaw.
  2870 | D:3      | Noticed Natasha
  2878 | D:3      | Killed Natasha
  2885 | D:3      | Noticed Natasha
  2892 | D:3      | Killed Natasha
  3007 | D:3      | Found a glowing drain.
  3014 | Sewer    | Entered a sewer
  3036 | Sewer    | Reached ** piety under Lugonu
  3061 | Sewer    | Reached XP level 7. HP: 54/55 MP: 10/10
  3235 | Sewer    | Reached skill level 5 in Long Blades
  4035 | D:4      | Reached skill level 5 in Fighting
  4304 | D:4      | Reached skill level 5 in Invocations
  4304 | D:4      | Reached XP level 8. HP: 54/62 MP: 11/11
  4838 | D:4      | Reached skill level 6 in Long Blades
  4927 | D:4      | Noticed Goodini51's ghost (novice HEAM)
  5012 | D:4      | Killed Goodini51's ghost
  5012 | D:4      | Reached skill level 5 in Armour
  5904 | D:5      | Entered Level 5 of the Dungeon
  6182 | D:5      | Found a white marble altar of Elyvilon.
  6226 | D:5      | Found a shadowy altar of Dithmenos.
  6296 | D:5      | Found Orulur's Food Shoppe.
  6311 | D:5      | Reached *** piety under Lugonu
  6487 | D:5      | Reached skill level 7 in Long Blades
  6487 | D:5      | Reached XP level 9. HP: 59/69 MP: 13/13
  9116 | D:5      | Reached skill level 8 in Long Blades
  9899 | D:7      | Found a sand-covered staircase.
  9909 | Ossuary  | Entered an ossuary
 10139 | Ossuary  | Reached **** piety under Lugonu
 10458 | Ossuary  | Reached XP level 10. HP: 77/77 MP: 15/15
 10807 | Ossuary  | Gained mutation: Your mind is acute. (Int +2) [potion of mutation]
 10807 | Ossuary  | Gained mutation: Your spells are a little easier to cast, but a little less powerful. [potion of mutation]
 10808 | Ossuary  | Gained mutation: You are weak. (Str -2) [potion of mutation]
 11102 | D:7      | Reached skill level 9 in Long Blades
 11496 | D:7      | Found a staircase to the Ecumenical Temple.
 11720 | D:7      | Found Qaes's Antique Weapon Shop.
 12108 | D:7      | Reached ***** piety under Lugonu
 13451 | D:7      | Reached skill level 10 in Long Blades
 13893 | D:7      | HP: 1/80 [yak (4)]
 13894 | D:7      | Killed by a spatial distortion

Skill      XL: |  1  2  3  4  5  6  7  8  9 10 |
---------------+-------------------------------+-----
Fighting       | 4 5 6 8 |  8.2
Long Blades    | 3 4 5 7 8 10 | 10.1
Armour         | 3 4 5 6 8 |  8.0
Invocations    | 3 4 5 6 7 8 |  8.2
Dodging        | |  0.8

Action                   |  1- 3 |  4- 6 |  7- 9 | 10-12 || total
-------------------------+-------+-------+-------+-------++-------
Melee: Falchion          |    88 |    16 |   400 |   439 ||   943
       Dagger            |       |   128 |   192 |    11 ||   331
 Fire: Blowgun           |       |       |    25 |       ||    25
Invok: Depart the Abyss  |     1 |       |       |       ||     1
       Bend Space        |       |       |     3 |       ||     3
  Use: Scroll            |     3 |       |     8 |     9 ||    20
       Potion            |     1 |       |     1 |     4 ||     6
 Stab: Sleeping          |       |       |     1 |       ||     1
  Eat: Chunk             |     1 |     5 |    21 |     7 ||    34
       Beef jerky        |       |     1 |       |     1 ||     2
       Meat ration       |       |       |     1 |       ||     1
Armor: Leather armour    |    11 |       |       |       ||    11
       Scale mail        |    19 |    61 |    95 |       ||   175
       Skin              |     6 |       |       |       ||     6
       Robe              |       |       |   131 |   159 ||   290
Dodge: Dodged            |    53 |    55 |   251 |   236 ||   595
       Rpst.: Falchion   |    15 |     2 |    61 |    80 ||   158
